 Dungeon Crawl Stone Soup version 0.29-a0-1065-g47a6bb87d6 (webtiles) character file.

Game seed: 2374041534214330999

93 nickcage the Chopper (level 4, -1/37 HPs)
             Began as a Minotaur Gladiator on Aug 18, 2022.
             Succumbed to Ijyb's poison
             ... on level 3 of the Dungeon.
             The game lasted 00:03:34 (2103 turns).

nickcage the Chopper (Minotaur Gladiator)           Turns: 2103, Time: 00:03:35

Health: -1/37      AC:  8    Str: 20    XL:     4   Next: 36%
Magic:  3/3        EV: 12    Int:  5    God:
Gold:   94         SH:  0    Dex: 12    Spells: 3/3 levels left

rFire   . . .      SeeInvis .   a - +0 war axe
rCold   . . .      Faith    .   (no shield)
rNeg    . . .      Spirit   .   b - +0 leather armour
rPois   .          Reflect  .   c - +0 hat
rElec   .          Harm     .   (no cloak)
rCorr   .          Rampage  .   t - +0 pair of gloves
Will    .....                   (no boots)
Stlth   +.........              (no amulet)
HPRegen 0.12/turn               m - +4 ring of protection
MPRegen 0.08/turn               (no ring)

@: lethally poisoned (-1 -> -25)
A: horns 2, retaliatory headbutt
a: no special abilities


You were on level 3 of the Dungeon.
You visited 1 branch of the dungeon, and saw 3 of its levels.

You collected 94 gold pieces.

Inventory:

Hand Weapons
 a - a +0 war axe (weapon)
Missiles
 d - 3 throwing nets
 e - a javelin
 j - 5 poisoned darts (quivered)
 n - 6 silver javelins
Armour
 b - a +0 leather armour (worn)
 c - a +0 hat (worn)
 t - a +0 pair of gloves (worn)
Jewellery
 m - a +4 ring of protection (left hand)
Scrolls
 i - a scroll of enchant weapon {unknown}
 o - 3 scrolls of amnesia {unknown}
 r - a scroll of identify {unknown}
 u - a scroll of immolation {unknown}
Potions
 f - 4 potions of heal wounds {unknown}
 g - a potion of curing {unknown}
 h - a potion of might {unknown}
 k - a potion of degeneration {unknown}
 l - a potion of resistance {unknown}
 p - a potion of brilliance {unknown}
 q - a potion of flight {unknown}
 s - 2 potions of haste {unknown}
 v - a potion of mutation {unknown}


   Skills:
 - Level 2.4 Fighting
 + Level 6.3 Axes
 - Level 2.0 Throwing
 - Level 3.2 Dodging


You had 3 spell levels left.
You didn't know any spells.
Your spell library contained the following spells:

 Spells                   Type           Power      Damage    Failure   Level
 Summon Small Mammal      Summ           0%         N/A       54%         1
 Call Canine Familiar     Summ           0%         N/A       88%         3
 Confusing Touch          Hex            0%         N/A       88%         3
 Summon Guardian Golem    Hex/Summ       0%         N/A       88%         3
 Yara's Violent Unravell  Hex/Tmut       0%         3d3       100%        5
 Enfeeble                 Hex            0%         N/A       100%        7


Dungeon Overview and Level Annotations

Branches:
Dungeon (3/15)

Altars:

Annotations:
D:3 Ijyb


Innate Abilities, Weirdness & Mutations

You have a pair of horns on your head.
You reflexively headbutt those who attack you in melee.


Message History

You slash the quokka!
You kill the quokka!
The bat hits you but does no damage.
You slash the bat!
You kill the bat!
No target in view!
v - a sedimented inky potion
s - 2 fuming sapphire potions (gained 1)
The worm bites you.
You slash the worm! You headbutt the worm.
The worm is severely wounded.
You hear a shout!
Ijyb the Twisted Goblin comes into view.
She is wielding a +1 dagger of venom, wearing a +3 leather armour of cold resistance and carrying a wand of digging (4).
You slash the worm!
You kill the worm!
Ijyb zaps a wand.
Some rock shatters into small pieces.
You hit Ijyb but do no damage. Ijyb hits you but does no damage.
You are poisoned.
Ijyb hits you with a +1 dagger of venom.
You closely miss Ijyb. Your headbutt misses Ijyb.
You feel sick.
Ijyb hits you with a +1 dagger of venom.
You are more poisoned.
You slash Ijyb! Your headbutt misses Ijyb.
Ijyb is moderately wounded.
You feel very sick. Ijyb hits you but does no damage.
You are lethally poisoned!
You hit Ijyb but do no damage.
Ijyb is moderately wounded.
You feel very sick.
Ijyb hits you with a +1 dagger of venom.
You are more poisoned.
You closely miss Ijyb. Your headbutt misses Ijyb.
Ijyb is moderately wounded.
* * * LOW HITPOINT WARNING * * *
You feel extremely sick. Ijyb closely misses you.
You hit Ijyb but do no damage. Your headbutt misses Ijyb.
Ijyb is moderately wounded.
You die...

#.# #.# ....#.# #.#
#.#.#####.#.#.# ## ## ..#
#.#.....#.#.#.# #....#
#.###.#####.#.#...###.# .>##.
#.....................+......
#.###########.###...###...##
#.# ...# #.....†..(.# ..#.#
########.#...####.# .....
#......@.#......# # ...#
#.###.g†.#.#.##.#.# ...#
#....#........# ...#
#..$.####...##..... ...#
##+#........# .... ..)#
#.#####.## ... ...# #.. ...
.. ...# ... ##.#. # ####
#.^.#


You could see Ijyb.

Vanquished Creatures
  3 adders
  2 worms
  An orc (D:2)
  9 ball pythons
  7 endoplasms
  2 giant cockroaches
  3 goblins
  3 hobgoblins (D:1)
  7 jackals
  4 kobolds
  4 quokkas
  4 bats
  4 frilled lizards
  3 rats
56 creatures vanquished.

Notes
Turn   | Place    | Note
-------+----------+-------------------------------------------
     0 | D:1      | nickcage the Minotaur Gladiator began the quest for the
                  | Orb.
     0 | D:1      | Reached XP level 1. HP: 18/18 MP: 0/0
    13 | D:1      | Reached skill level 4 in Axes
    96 | D:1      | Reached XP level 2. HP: 25/25 MP: 1/1
   284 | D:1      | Reached skill level 5 in Axes
   286 | D:1      | Reached XP level 3. HP: 3/30 MP: 2/2
  1412 | D:2      | Reached XP level 4. HP: 37/37 MP: 3/3
  1516 | D:2      | Found a faded altar of an unknown god.
  1587 | D:2      | Reached skill level 6 in Axes
  2095 | D:3      | Noticed Ijyb
  2103 | D:3      | Succumbed to Ijyb's poison

Illustrated notes

Levels and vault maps discovered:
D:1:      spicycebolla_arrival_clurvy, layout_rooms, minivault_23
D:2:      layout_basic, ebering_ecumenical_altar_mist,
          minmay_misc_feat_diagonals
D:3:      layout_basic, nicolae_overflow_hidden_temple,
          mainiacjoe_overflow_boulevard, minmay_misc_feat_roman, uniq_ijyb

Skill      XL: |  1  2  3  4 |
---------------+-------------+-----
Axes           | 4 5 6 |  6.3
Fighting       | |  2.4
Throwing       | |  2.0
Dodging        | |  3.2

Action                   |  1- 3 |  4- 6 || total
-------------------------+-------+-------++-------
Melee: War axe           |    74 |    27 ||   101
       Headbutt          |     5 |     5 ||    10
       Punch             |     2 |       ||     2
Throw: Dart              |     2 |       ||     2
Armor: Leather armour    |    23 |     8 ||    31
Dodge: Dodged            |    61 |    17 ||    78

Table legend: (Time is in decaauts)
 A = Elapsed time spent in this place.
 B = Non-inter-level travel time spent in this place.
 C = Inter-level travel time spent in this place.
 D = Time resting spent in this place.
 E = Time spent auto-exploring this place.
 F = Levels seen in this place.
 G = Mean time per level.
                   A        B        C        D        E       F      G
               +--------+--------+--------+--------+--------+-----+--------+
         Total |   2125 |   2073 |     52 |    407 |   1383 |   3 |  708.3 |
       Dungeon |   2125 |   2073 |     52 |    407 |   1383 |   3 |  708.3 |
               +--------+--------+--------+--------+--------+-----+--------+

Top non-repeatable levels by time:
     D:2: 1108 daAuts
     D:1: 841 daAuts
     D:3: 175 daAuts
